TOP OF THE 1ST |
Bismarck Barons batting - Pitching for Bismark Border Guards : RHP Paul Pothecary
|
Pitching: RHP Paul Pothecary
|
|
Batting: LHB Manny Salazar
|
0-0: Ball 1-0: Ball 2-0: Called Strike 2-1: Ball 3-1: Foul Ball, location: 2F 3-2: Foul Ball, location: 2F 3-2: SINGLE (Line Drive, 6MD)
|
Batting: RHB Pancho Torres
|
0-0: Ball 1-0: Ball 2-0: Fly out, F7 (Flyball, 78M)
|
Batting: RHB Seiji Kouno
|
0-0: SINGLE (Flyball, 89M) Manny Salazar to second Runner from 2nd tries for 3rd, SAFE, no throw
|
Batting: LHB Pedro Díaz
|
0-0: Ball 1-0: Ball 2-0: Fielders Choice at 2nd, 3-6 (Groundball, 3) Manny Salazar scores
|
Batting: RHB Michael Thomas
|
0-0: Ball 1-0: Fly out, F4 (Line Drive, 4MD)
|
Top of the 1st over - 1 run(s), 2 hit(s), 0 error(s), 1 left on base; Bismarck 1 - Bismark 0 |
BOTTOM OF THE 1ST |
Bismark Border Guards batting - Pitching for Bismarck Barons : RHP Raymond Gregg
|
Pitching: RHP Raymond Gregg
|
|
Batting: RHB Tony Hernández
|
0-0: Hit by Pitch
|
Batting: LHB Will Hill
|
0-0: Grounds into double play, 4-6-3 (Groundball, 34)
|
Batting: RHB Trent Rasmussen
|
0-0: Ball 1-0: Called Strike 1-1: Ball 2-1: Called Strike 2-2: SOLO HOME RUN (Line Drive, 8LXD), Distance : 434 ft
|
Batting: RHB Enrique Mendoza
|
0-0: Ball 1-0: Called Strike 1-1: Called Strike 1-2: Ground out 5-3 (Groundball, 5L)
|
Bottom of the 1st over - 1 run(s), 1 hit(s), 0 error(s), 0 left on base; Bismarck 1 - Bismark 1 |
TOP OF THE 2ND |
Bismarck Barons batting - Pitching for Bismark Border Guards : RHP Paul Pothecary
|
Batting: SHB Jeff Chambers
|
0-0: Called Strike 0-1: SINGLE (Groundball, 34S) (infield hit)
|
Batting: RHB Félix Trevino
|
0-0: Ball 1-0: Called Strike 1-1: Foul Ball, location: 2F 1-2: Fly out, F8 (Flyball, 8RM)
|
Batting: RHB Mark Roy
|
0-0: Swinging Strike 0-1: Ball 1-1: Ball 2-1: Foul Ball, location: 2F 2-2: Fly out, F8 (Flyball, 8RS)
|
Batting: LHB Jorge Fernández
|
0-0: Ball 1-0: Ball 2-0: Called Strike 2-1: Foul Ball, location: 2F 2-2: Strikes out swinging
|
Top of the 2nd over - 0 run(s), 1 hit(s), 0 error(s), 1 left on base; Bismarck 1 - Bismark 1 |
BOTTOM OF THE 2ND |
Bismark Border Guards batting - Pitching for Bismarck Barons : RHP Raymond Gregg
|
Batting: SHB Vicente Pagán
|
0-0: Fly out, F7 (Flyball, 7S)
|
Batting: RHB Kelly Graham
|
0-0: Fly out, F9 (Flyball, 9LSF)
|
Batting: RHB Jacob Hill
|
0-0: Ball 1-0: Foul Ball, location: 2F 1-1: Ball 2-1: Called Strike 2-2: Ball 3-2: Ground out 3-1 (Groundball, 34S)
|
Bottom of the 2nd over - 0 run(s), 0 hit(s), 0 error(s), 0 left on base; Bismarck 1 - Bismark 1 |
TOP OF THE 3RD |
Bismarck Barons batting - Pitching for Bismark Border Guards : RHP Paul Pothecary
|
Batting: LHB Manny Salazar
|
0-0: Swinging Strike 0-1: Called Strike 0-2: Ball 1-2: Ball 2-2: Ball 3-2: Strikes out swinging
|
Batting: RHB Pancho Torres
|
0-0: Ball 1-0: Ball 2-0: Ball 3-0: Called Strike 3-1: Base on Balls
|
Batting: RHB Seiji Kouno
|
0-0: Foul Ball, location: 2F 0-1: Ball 1-1: Foul Ball, location: 2F 1-2: Foul Ball, location: 2F 1-2: Ball 2-2: Ball Pancho Torres steals 2nd base 3-2: Fly out, F9 (Flyball, 89M)
|
Batting: LHB Pedro Díaz
|
0-0: Ball 1-0: Called Strike 1-1: Ground out U3 (Groundball, 34)
|
Top of the 3rd over - 0 run(s), 0 hit(s), 0 error(s), 1 left on base; Bismarck 1 - Bismark 1 |
BOTTOM OF THE 3RD |
Bismark Border Guards batting - Pitching for Bismarck Barons : RHP Raymond Gregg
|
Batting: RHB Sergio Solíz
|
0-0: Fly out, F7 (Flyball, 7)
|
Batting: RHB Rob Schmidt
|
0-0: Called Strike 0-1: Ball 1-1: Swinging Strike 1-2: Foul Ball, location: 2F 1-2: Ball 2-2: Ball 3-2: Strikes out swinging
|
Batting: RHB Tony Hernández
|
0-0: SINGLE (Line Drive, 78M)
|
Batting: LHB Will Hill
|
0-0: Called Strike Tony Hernández steals 2nd base 0-1: Ball 1-1: Fly out, F9 (Flyball, 89M)
|
Bottom of the 3rd over - 0 run(s), 1 hit(s), 0 error(s), 1 left on base; Bismarck 1 - Bismark 1 |
TOP OF THE 4TH |
Bismarck Barons batting - Pitching for Bismark Border Guards : RHP Paul Pothecary
|
Batting: RHB Michael Thomas
|
0-0: Ball 1-0: Swinging Strike 1-1: Ball 2-1: Swinging Strike 2-2: Strikes out looking
|
Batting: SHB Jeff Chambers
|
0-0: Called Strike 0-1: Ball 1-1: Hit by Pitch
|
Batting: RHB Félix Trevino
|
0-0: Ball 1-0: Ball 2-0: Ball 3-0: Base on Balls Jeff Chambers to second
|
Batting: RHB Mark Roy
|
0-0: Ball 1-0: Foul Ball, location: 2F 1-1: Fly out, F5 (Line Drive, 5S)
|
Batting: LHB Jorge Fernández
|
0-0: Called Strike 0-1: Foul Ball, location: 2F 0-2: Strikes out looking
|
Top of the 4th over - 0 run(s), 0 hit(s), 0 error(s), 2 left on base; Bismarck 1 - Bismark 1 |
BOTTOM OF THE 4TH |
Bismark Border Guards batting - Pitching for Bismarck Barons : RHP Raymond Gregg
|
Batting: RHB Trent Rasmussen
|
0-0: Ball 1-0: Fly out, F7 (Flyball, 7S)
|
Batting: RHB Enrique Mendoza
|
0-0: Ball 1-0: Ball 2-0: Called Strike 2-1: Ball 3-1: Foul Ball, location: 2F 3-2: Base on Balls
|
Batting: SHB Vicente Pagán
|
0-0: Called Strike 0-1: Ball 1-1: Foul Ball, location: 2F 1-2: Strikes out swinging
|
Batting: RHB Kelly Graham
|
0-0: Ball 1-0: Called Strike 1-1: Ball 2-1: Ball 3-1: Fly out, F7 (Flyball, 7LS)
|
Bottom of the 4th over - 0 run(s), 0 hit(s), 0 error(s), 1 left on base; Bismarck 1 - Bismark 1 |
TOP OF THE 5TH |
Bismarck Barons batting - Pitching for Bismark Border Guards : RHP Paul Pothecary
|
Batting: LHB Manny Salazar
|
0-0: Ball 1-0: Swinging Strike 1-1: Foul Ball, location: 2F 1-2: Strikes out swinging
|
Batting: RHB Pancho Torres
|
0-0: Fly out, F8 (Flyball, 8RS)
|
Batting: RHB Seiji Kouno
|
0-0: Called Strike 0-1: SOLO HOME RUN (Flyball, 7LD), Distance : 368 ft
|
Batting: LHB Pedro Díaz
|
0-0: Called Strike 0-1: Ball 1-1: Ground out 1-3 (Groundball, 13)
|
Top of the 5th over - 1 run(s), 1 hit(s), 0 error(s), 0 left on base; Bismarck 2 - Bismark 1 |
BOTTOM OF THE 5TH |
Bismark Border Guards batting - Pitching for Bismarck Barons : RHP Raymond Gregg
|
Batting: RHB Jacob Hill
|
0-0: Called Strike 0-1: Called Strike 0-2: Ball 1-2: Ball 2-2: Fly out, F7 (Flyball, 7LD)
|
Batting: RHB Sergio Solíz
|
0-0: Ball 1-0: Fly out, F3 (Popup, 3D)
|
Batting: RHB Rob Schmidt
|
0-0: Called Strike 0-1: Foul Ball, location: 2F 0-2: SINGLE (Groundball, 34D)
|
Batting: RHB Tony Hernández
|
0-0: Foul Ball, location: 2F 0-1: Swinging Strike 0-2: Ball 1-2: Foul Ball, location: 2F 1-2: Foul Ball, location: 2F 1-2: Fly out, F7 (Flyball, 7LS)
|
Bottom of the 5th over - 0 run(s), 1 hit(s), 0 error(s), 1 left on base; Bismarck 2 - Bismark 1 |
TOP OF THE 6TH |
Bismarck Barons batting - Pitching for Bismark Border Guards : RHP Paul Pothecary
|
Batting: RHB Michael Thomas
|
0-0: Foul Ball, location: 2F 0-1: Swinging Strike 0-2: Strikes out swinging
|
Batting: SHB Jeff Chambers
|
0-0: Swinging Strike 0-1: Ball 1-1: Swinging Strike 1-2: Ball 2-2: Strikes out looking
|
Batting: RHB Félix Trevino
|
0-0: Ground out 5-3 (Groundball, 56S)
|
Top of the 6th over - 0 run(s), 0 hit(s), 0 error(s), 0 left on base; Bismarck 2 - Bismark 1 |
BOTTOM OF THE 6TH |
Bismark Border Guards batting - Pitching for Bismarck Barons : RHP Raymond Gregg
|
Batting: LHB Will Hill
|
0-0: Ball 1-0: Swinging Strike 1-1: Ball 2-1: Called Strike 2-2: Foul Ball, location: 2F 2-2: Strikes out swinging
|
Batting: RHB Trent Rasmussen
|
0-0: Ball 1-0: Called Strike 1-1: Ball 2-1: Ball 3-1: Ground out 6-3 (Groundball, 6S)
|
Batting: RHB Enrique Mendoza
|
0-0: Ball 1-0: Called Strike 1-1: Foul Ball, location: 2F 1-2: SINGLE (Line Drive, 89M)
|
Batting: SHB Vicente Pagán
|
0-0: Called Strike 0-1: Ball 1-1: Fly out, F8 (Flyball, 8RM)
|
Bottom of the 6th over - 0 run(s), 1 hit(s), 0 error(s), 1 left on base; Bismarck 2 - Bismark 1 |
TOP OF THE 7TH |
Bismarck Barons batting - Pitching for Bismark Border Guards : RHP Paul Pothecary
|
Batting: RHB Mark Roy
|
0-0: Ball 1-0: Ball 2-0: Ball 3-0: Hit by Pitch
|
Pitching: RHP Edward Hastings
|
|
Batting: LHB Jorge Fernández
|
0-0: Ball 1-0: Ball 2-0: Called Strike 2-1: Swinging Strike 2-2: Ball 3-2: Fly out, F7 (Flyball, 7S)
|
Pitching: LHP Michael Manning
|
|
Pinch Hitting: RHB Esteban Lara
|
0-0: Ball 1-0: Foul Ball, location: 2F 1-1: Ball 2-1: Foul Ball, location: 2F 2-2: Fly out, F8 (Flyball, 8LM)
|
Pitching: RHP Luis Canseco
|
|
Pinch Hitting: LHB John Frost
|
0-0: Called Strike 0-1: Ball 1-1: SINGLE (Groundball, 4D) Mark Roy to second Runner from 2nd tries for 3rd, OUT!
|
Top of the 7th over - 0 run(s), 1 hit(s), 0 error(s), 1 left on base; Bismarck 2 - Bismark 1 |
BOTTOM OF THE 7TH |
Bismark Border Guards batting - Pitching for Bismarck Barons : RHP Raymond Gregg
|
Pitching: LHP Christiano Gomes
|
|
Now at 2B: Esteban Lara
|
|
Now in CF: John Frost
|
|
Batting: RHB Kelly Graham
|
0-0: Ball 1-0: Ball 2-0: Called Strike 2-1: Ball 3-1: Foul Ball, location: 2F 3-2: Base on Balls
|
Batting: RHB Jacob Hill
|
0-0: Ball 1-0: Called Strike 1-1: Called Strike Kelly Graham steals 2nd base 1-2: Ball 2-2: Strikes out swinging
|
Batting: RHB Sergio Solíz
|
0-0: Called Strike 0-1: Foul Ball, location: 2F 0-2: Ball 1-2: Ball 2-2: Strikes out looking
|
Batting: RHB Rob Schmidt
|
0-0: Ball 1-0: Ball 2-0: Swinging Strike 2-1: Swinging Strike 2-2: Foul Ball, location: 2F 2-2: Strikes out swinging
|
Bottom of the 7th over - 0 run(s), 0 hit(s), 0 error(s), 1 left on base; Bismarck 2 - Bismark 1 |
TOP OF THE 8TH |
Bismarck Barons batting - Pitching for Bismark Border Guards : RHP Luis Canseco
|
Batting: RHB Seiji Kouno
|
0-0: Ball 1-0: Called Strike 1-1: Foul Ball, location: 2F 1-2: Ball 2-2: Ball 3-2: Base on Balls
|
Batting: LHB Pedro Díaz
|
0-0: Called Strike 0-1: Called Strike 0-2: Grounds into double play, 6-4-3 (Groundball, 6)
|
Batting: RHB Michael Thomas
|
0-0: Swinging Strike 0-1: Called Strike 0-2: Ball 1-2: Ball 2-2: DOUBLE (Line Drive, 78D)
|
Batting: SHB Jeff Chambers
|
0-0: Intentional Walk
|
Batting: RHB Félix Trevino
|
0-0: Called Strike 0-1: Ball 1-1: Foul Ball, location: 2F 1-2: Ball 2-2: Foul Ball, location: 2F 2-2: Fly out, F5 (Line Drive, 56)
|
Top of the 8th over - 0 run(s), 1 hit(s), 0 error(s), 2 left on base; Bismarck 2 - Bismark 1 |
BOTTOM OF THE 8TH |
Bismark Border Guards batting - Pitching for Bismarck Barons : LHP Christiano Gomes
|
Pitching: RHP Gene McNeil
|
|
Batting: RHB Tony Hernández
|
0-0: Ground out 6-3 (Groundball, 6S)
|
Batting: LHB Will Hill
|
0-0: Called Strike 0-1: Ball 1-1: Swinging Strike 1-2: Strikes out swinging
|
Batting: RHB Trent Rasmussen
|
0-0: Ball 1-0: Ball 2-0: Ball 3-0: Fly out, F8 (Flyball, 89XD)
|
Bottom of the 8th over - 0 run(s), 0 hit(s), 0 error(s), 0 left on base; Bismarck 2 - Bismark 1 |
TOP OF THE 9TH |
Bismarck Barons batting - Pitching for Bismark Border Guards : RHP Luis Canseco
|
Pitching: RHP César Rodríguez
|
|
Batting: RHB Mark Roy
|
0-0: Called Strike 0-1: Swinging Strike 0-2: Ball 1-2: Strikes out swinging
|
Batting: LHB Jorge Fernández
|
0-0: Ground out 4-3 (Groundball, 4)
|
Batting: RHB Esteban Lara
|
0-0: Ball 1-0: Called Strike 1-1: Ball 2-1: Swinging Strike 2-2: Strikes out looking
|
Top of the 9th over - 0 run(s), 0 hit(s), 0 error(s), 0 left on base; Bismarck 2 - Bismark 1 |
BOTTOM OF THE 9TH |
Bismark Border Guards batting - Pitching for Bismarck Barons : RHP Gene McNeil
|
Pitching: RHP Ron Martin
|
|
Pinch Hitting: LHB Alan Moore
|
0-0: Swinging Strike 0-1: Ball 1-1: Swinging Strike 1-2: Ball 2-2: Ball 3-2: Base on Balls
|
Pinch Runner at 1st Júlio Romano:
|
|
Batting: SHB Vicente Pagán
|
0-0: Called Strike 0-1: Ball 1-1: Ball 2-1: Foul Ball, location: 2F 2-2: Strikes out swinging
|
Batting: RHB Kelly Graham
|
0-0: Called Strike 0-1: Ball 1-1: Ball 2-1: Fly out, F9 (Flyball, 9S)
|
Batting: RHB Jacob Hill
|
0-0: Ball 1-0: Ball 2-0: Called Strike 2-1: Fly out, F9 (Flyball, 9)
|
Bottom of the 9th over - 0 run(s), 0 hit(s), 0 error(s), 1 left on base; Bismarck 2 - Bismark 1 |
|